 Dungeon Crawl Stone Soup version 0.30-a0-542-ge43150dd35 (webtiles) character file.

Game seed: 13198184861619676168

43 Bnni the Vexing (level 3, -2/26 HPs)
             Began as a Formicid Hexslinger on Dec 26, 2022.
             Succumbed to a kobold brigand's poison
             ... on level 2 of the Dungeon.
             The game lasted 00:02:23 (1857 turns).

Bnni the Vexing (Formicid Hexslinger)               Turns: 1857, Time: 00:02:24

Health: -2/26      AC:  5    Str: 14    XL:     3   Next: 82%
Magic:  2/5        EV: 12    Int: 14    God:
Gold:   65         SH:  0    Dex: 14    Spells: 1/5 levels left

rFire   . . .      SeeInvis +    a - +1 sling
rCold   . . .      Faith    .    (no shield)
rNeg    . . .      Spirit   .    c - +0 robe
rPois   .          Reflect  .    (helmet unavailable)
rElec   .          Harm     .    (no cloak)
rCorr   .          Rampage  .    g - +2 pair of gloves
Will    .....                    (no boots)
Stlth   +                        (no amulet)
HPRegen 0.24/turn                (no ring)
MPRegen 0.09/turn                (no ring)

@: lethally poisoned (-2 -> -13)
A: permanent stasis, dig shafts and tunnels, antennae 3, four strong arms,
talons 1, inability to read after injury 1, devolution 1
a: Dig, Shaft Self


You were on level 2 of the Dungeon.
You visited 1 branch of the dungeon, and saw 3 of its levels.

You collected 65 gold pieces.

Inventory:

Hand Weapons
 a - a +1 sling (weapon)
Missiles
 k - a throwing net
Armour
 c - a +0 robe (worn)
 g - a +2 pair of gloves (worn)
Jewellery
 i - a ring of protection from fire
Scrolls
 b - a scroll of poison
 e - 4 scrolls of enchant armour {unknown}
 f - a scroll of amnesia {unknown}
 j - a scroll of fog {unknown}
 l - a scroll of identify {unknown}
 m - a scroll of immolation {unknown}
Potions
 d - a potion of mutation
 h - a potion of curing {unknown}
 n - a potion of degeneration {unknown}


   Skills:
 + Level 1.6 Fighting
 * Level 2.6 Ranged Weapons
 - Level 1.7 Dodging
 + Level 1.5 Spellcasting
 * Level 4.3 Hexes
 * Level 0.5 Fire Magic


You had one spell level left.
You knew the following spells:

 Your Spells              Type           Power      Damage    Failure   Level
a - Slow                  Hex            52%        N/A       4%          1
b - Inner Flame           Hex/Fire       7%         N/A       28%         3

Your spell library contained the following spells:

 Spells                   Type           Power      Damage    Failure   Level
 Kiss of Death            Conj/Necr      4%         2d5       26%         1
 Confusing Touch          Hex            13%        N/A       13%         3
 Portal Projectile        Hex/Tloc       14%        N/A       30%         3
 Cause Fear               Hex            6%         N/A       38%         4
 Frozen Ramparts          Ice            2%         1d1       58%         3
 Dispel Undead            Necr           1%         3d6       94%         4
 Ice Form                 Ice/Tmut       1%         N/A       94%         4
 Summon Ice Beast         Ice/Summ       1%         N/A       94%         4
 Malign Gateway           Summ/Tloc      0%         N/A       100%        7
 Summon Horrible Things   Summ           0%         N/A       100%        8


Dungeon Overview and Level Annotations

Branches:
Dungeon (3/15)

Altars:


Innate Abilities, Weirdness & Mutations

You cannot be hasted, slowed, berserked, paralysed or teleported.
You can dig through walls and to a lower floor.
You have a pair of large antennae on your head. (SInv)
Your four strong arms can wield two-handed weapons with a shield.
You have sharp toenails.
You occasionally lose the ability to read scrolls when taking damage.
You have hidden genetic defects.


Message History

Nothing appears to happen.
The kobold brigand hits you with a +0 club.
Casting: Slow (safe; 4% risk of failure)
Confirm with . or Enter, or press ? or * to list all spells.
Aiming: Slow (safe; 4% risk of failure)
Press: ? - help, Shift-Dir - straight line, f/p - kobold brigand
Aim: a kobold brigand, wielding a +0 club and quivering poisoned darts (chance to affect: 47%)
The kobold brigand seems to slow down.
The kobold brigand throws a poisoned dart.
The poisoned dart hits you!
You are poisoned.
You feel very sick.
You feel sick.
You feel sick.
There is an open door here.
There's nothing to close nearby.
You feel sick.
Your magical contamination has completely faded away.
You feel sick.
You feel sick.
You feel sick.
The kobold brigand throws a poisoned dart.
The poisoned dart hits you!
You are lethally poisoned!
* * * LOW HITPOINT WARNING * * *
You feel very sick.
The kobold brigand throws a poisoned dart.
The poisoned dart hits you!
You are more poisoned.
There is an open door here.
* * * LOW HITPOINT WARNING * * *
You feel very sick.
You close the door.
* * * LOW HITPOINT WARNING * * *
You feel very sick.
It was a potion of mutation.
You feel extremely strange.
Your toenails lengthen and sharpen.
You occasionally lose the ability to read scrolls when taking damage.
You feel a hidden malignance growing inside you.
You die...

#.# ##.#.## #.# #.# ###.#
#{# #.# #K# #.# #.# ##{##
#.# #.# ##...## #####.###
##.# ##.....## #.......##
...# ##.......## #........#
..####.........####........#
.....+.........+@.......#..#
..####.........####...#.#..#
.## ##.......## #........#
.# ##.....## #.......## †#
##...## #####.### .# ##'##
#.# ## #.# #.# # #.# #.# #
##.## #.#


There were no monsters in sight!

Vanquished Creatures
  A dart slug (D:2)
  4 endoplasms
  A giant cockroach (D:2)
  5 goblins (D:1)
  4 hobgoblins
  5 jackals (D:1)
  2 kobolds (D:1)
  6 quokkas
  A bat (D:1)
  2 frilled lizards
  2 rats (D:2)
33 creatures vanquished.

Notes
Turn   | Place    | Note
-------+----------+-------------------------------------------
     0 | D:1      | Bnni the Formicid Hexslinger began the quest for the Orb.
     0 | D:1      | Reached XP level 1. HP: 15/15 MP: 2/2
   107 | D:1      | Reached XP level 2. HP: 20/21 MP: 3/3
   187 | D:1      | Reached skill level 4 in Hexes
   603 | D:1      | Reached XP level 3. HP: 26/26 MP: 5/5
   607 | D:1      | Learned a level 3 spell: Inner Flame
  1614 | D:3      | Noticed a kobold brigand
  1856 | D:2      | HP: 1/26 [poisoned by a kobold brigand]
  1857 | D:2      | Gained mutation: You have sharp toenails. [potion of
                  | mutation]
  1857 | D:2      | Gained mutation: You occasionally lose the ability to read
                  | scrolls when taking damage. [potion of mutation]
  1857 | D:2      | Gained mutation: You have hidden genetic defects. [potion
                  | of mutation]
  1857 | D:2      | Succumbed to a kobold brigand's poison

Illustrated notes

Levels and vault maps discovered:
D:1:      minmay_arrival_diagonal_passages, layout_basic,
          hangedman_decor_growths, minmay_pentomino_z2
D:2:      layout_loops_corners
D:3:      layout_basic, mainiacjoe_overflow_concentric_impassable,
          mainiacjoe_overflow_tiny_flanked, fountainhead, glass_columns_c,
          uniq_sigmund

Skill      XL: |  1  2 |
---------------+-------+-----
Hexes          | 4 |  4.3
Fighting       | |  1.6
Ranged Weapons | |  2.6
Dodging        | |  1.7
Spellcasting   | |  1.5
Fire Magic     | |  0.5

Action                   || total
-------------------------++-------
 Fire: Sling             ||   110
 Cast: Slow              ||    10
  Use: Potion            ||     1
Armor: Robe              ||    19
Dodge: Dodged            ||    40

Table legend: (Time is in decaauts)
 A = Elapsed time spent in this place.
 B = Non-inter-level travel time spent in this place.
 C = Inter-level travel time spent in this place.
 D = Time resting spent in this place.
 E = Time spent auto-exploring this place.
 F = Levels seen in this place.
 G = Mean time per level.
                   A        B        C        D        E       F      G
               +--------+--------+--------+--------+--------+-----+--------+
         Total |   1890 |   1847 |     43 |    159 |   1382 |   3 |  630.0 |
       Dungeon |   1890 |   1847 |     43 |    159 |   1382 |   3 |  630.0 |
               +--------+--------+--------+--------+--------+-----+--------+

Top non-repeatable levels by time:
     D:1: 894 daAuts
     D:2: 818 daAuts
     D:3: 177 daAuts
